[Event "*** Titled Tuesday Blitz"]
[Site "Chess.com"]
[Date "2020.04.21"]
[Round "2"]
[White "Corpescador"]
[Black "Chessy222222"]
[Result "1-0"]
[WhiteElo "2394"]
[BlackElo "2093"]
[TimeControl "180+1"]
[EndTime "10:18:19 PDT"]
[Termination "Corpescador won on time"]

1. e4 e5 2. Nf3 Nc6 3. Bb5 Nge7 4. Nc3 g6 5. d4 exd4 6. Nd5 Bg7 7. Bg5 h6 8. Bf6 Bxf6 9. Nxf6+ Kf8 10. Qd2 Kg7 11.
Nxd4 Kxf6 12. Qc3 Nxd4 13. Qxd4+ Ke6 14. Bc4+ d5 15. exd5+ Kd6 16. Qf6+ Kc5 17. O-O-O Nf5 18. Qc3 Kd6 19. Qa3+ Kd7 20. Bb5+ c6 21. dxc6+ Kc7 22.
Rxd8 Rxd8 23. g4 Nd6 24. cxb7 Bxb7 25. Qc3+ Kb6 26. Rd1 Kxb5 27. Qc7 Bc6 28. b3 Rac8 29. Qe7 Rd7 30. Qe3 a5 31. Qe5+ Kb6 32. Rxd6 Rxd6 33. Qxd6 Re8 34. a4 Re6 35. Qd4+ Kb7 36. Kb2 Re8 37.
Qc5 Ra8 38. Qc3 Bd5 39. Qf6 Rc8 40. Qe5 Rd8 41. c4 Be6 42. Qxa5 1-0

[Event "*** Titled Tuesday Blitz"]
[Site "Chess.com"]
[Date "2020.04.21"]
[Round "2"]
[White "Dyadya81"]
[Black "mc4chess"]
[Result "1-0"]
[WhiteElo "2658"]
[BlackElo "2373"]
[TimeControl "180+1"]
[EndTime "10:18:21 PDT"]
[Termination "Dyadya81 won on time"]

1. e4 c5 2. Nc3 e6 3. Nf3 a6 4. d4 cxd4 5. Nxd4 Qc7 6. Qf3 Nc6 7. Nxc6 bxc6 8. Bd3 d5 9. Qg3 Qxg3 10. hxg3 h6 11. exd5 cxd5 12. Na4 Rb8 13. Be3 Bd7 14. Nb6 Bc6 15.
O-O-O Be7 16. c4 dxc4 17. Nxc4 Bxg2 18. Rhe1 Nf6 19. Bf4 Rc8 20. Kb1 O-O 21. Ne3 Bf3 22.
Bxa6 Ra8 23. Be2 Be4+ 24. Bd3 Bf3 25. Rc1 Rfd8 26. Bc2 Bb4 27. Rg1 Bd2 28. Rcd1 Bxd1 29. Rxd1 Bxe3 30. Bxe3 Nd5 31. Bc1 Nb4 32. Bb3 Rxd1 33.
Bxd1 Nxa2 34. Bd2 Rd8 35. Kc2 Rb8 36. Bf4 Nb4+ 37. Kb3 Rb7 38. Bd2 Nd3+ 39. Kc3 Nxf2 40. Bf3 Rc7+ 41. Kb3 Nd3 42. Ba5 Rc5 43. Bc3 Rb5+ 44.
Kc4 Ne5+ 45. Kxb5 Nxf3 46. b4 Ng5 47. Kc6 Ne4 48. b5 Nxc3 49. b6 1-0

[Event "*** Titled Tuesday Blitz"]
[Site "Chess.com"]
[Date "2020.04.21"]
[Round "2"]
[White "JoachimMouhamad"]
[Black "Durarbayli"]
[Result "0-1"]
[WhiteElo "2355"]
[BlackElo "2809"]
[TimeControl "180+1"]
[EndTime "10:18:21 PDT"]
[Termination "Durarbayli won on time"]

1. e4 c5 2. Nf3 d6 3. d4 cxd4 4.
Nxd4 Nf6 5. Nc3 Nc6 6. Bg5 Qb6 7. Nb3 e6 8. Qd2 a6 9. O-O-O Be7 10. Kb1 O-O 11.
f4 Rd8 12. g4 Qc7 13. Bd3 b5 14. Bxf6 Bxf6 15. g5 Bxc3 16. Qxc3 Bb7 17. h4 Rac8 18. Qd2 e5 19. h5 exf4 20. Qxf4 d5 21. Qxc7 Rxc7 22.
exd5 Ne7 23. d6 Rxd6 24. Rhe1 g6 25. hxg6 hxg6 26. Nd2 Rcd7 27. Kc1 Kg7 28. Ne4 Bxe4 29. Bxe4 a5 30. Rxd6 Rxd6 31. Bd3 Ng8 32. Bxb5 Rd5 33. Bc4 Rxg5 34. a3 Rc5 35. Ba2 Rb5 36. Bb3 g5 37. Bc4 Rc5 38. b3 g4 39. Kd2 f5 40. Re6 Nf6 41. Ke3 Nh5 0-1

[Event "*** Titled Tuesday Blitz"]
[Site "Chess.com"]
[Date "2020.04.21"]
[Round "2"]
[White "anon132639"]
[Black "David_Paravyan"]
[Result "0-1"]
[WhiteElo "2609"]
[BlackElo "3010"]
[TimeControl "180+1"]
[EndTime "10:18:22 PDT"]
[Termination "David_Paravyan won on time"]

1. d4 Nf6 2. Nf3 d5 3. Bf4 Bf5 4. e3 e6 5. c4 Bd6 6. Bxd6 Qxd6 7. Nc3 c6 8. Bd3 Bxd3 9. Qxd3 Nbd7 10. O-O O-O 11.
Rad1 Qb4 12. cxd5 exd5 13. Qc2 Rae8 14. a3 Qe7 15. b4 a6 16. Na4 Ne4 17. Nc5 Nd6 18.
Nd2 f5 19. Nf3 Nf6 20. Ne5 Ng4 21. Ncd3 Ne4 22. h3 Nh6 23. f4 Nf7 24. Nc5 Rd8 25. a4 Nfd6 26. a5 Rf6 27. Rf3 h6 28. Nxe4 fxe4 29.
Rf2 Rdf8 30. Rdf1 Nf5 31. Qd2 Ng3 32. Re1 g5 33. Rc1 gxf4 34. exf4 Nf5 35. Rff1 Kh7 36. Rce1 Rg8 37. Qe2 Qg7 38. Kh2 Ng3 39. Qf2 Nxf1+ 40. Rxf1 Qf8 41. g4 Qxb4 42. Qe3 Qxa5 43. f5 Qc7 44. Rf2 c5 45. Kh1 Re8 0-1

[Event "*** Titled Tuesday Blitz"]
[Site "Chess.com"]
[Date "2020.04.21"]
[Round "2"]
[White "Kimster98"]
[Black "Izoria123"]
[Result "0-1"]
[WhiteElo "2548"]
[BlackElo "2799"]
[TimeControl "180+1"]
[EndTime "10:18:22 PDT"]
[Termination "Izoria123 won by resignation"]

1. d4 d6 2. c4 e5 3. Nc3 exd4 4. Qxd4 Nc6 5. Qd2 Nf6 6. e4 g6 7. Bd3 Bg7 8. Nge2 O-O 9. O-O Ng4 10. f3 Nge5 11.
b3 Nxd3 12. Qxd3 Ne5 13. Qd2 f5 14. Bb2 Be6 15. Nd4 Bxc4 16. Rfd1 Nd3 17. Nd5 Nxb2 18. Qxb2 Ba6 19. Qd2 Qd7 20. exf5 gxf5 21. Rac1 c6 22. Nf4 Rae8 23. Nh5 Be5 24. Qg5+ Kh8 25. f4 Rg8 26. Qh4 Rg4 27. Qf2 Bg7 28. Nxg7 Rxg7 29. Re1 Rge7 30. Nf3 Re2 31. Qd4+ Qg7 32. Qxg7+ Kxg7 33.
Rcd1 Rxe1+ 34. Rxe1 Rxe1+ 35. Nxe1 Be2 36. Kf2 Bd1 37. Ke3 Kf6 38. Nd3 c5 39. Nf2 Bc2 40. h3 d5 41. g4 h6 42. Kd2 Be4 43. Ke3 d4+ 44. Kd2 b5 45. Nd3 Bxd3 46. Kxd3 a5 47. a4 bxa4 48. bxa4 Kg6 49. Kc4 fxg4 50. hxg4 h5 51.
gxh5+ Kxh5 52. Kd3 Kg6 53. Ke4 Kf6 54. Kd3 Kf5 0-1

[Event "*** Titled Tuesday Blitz"]
[Site "Chess.com"]
[Date "2020.04.21"]
[Round "2"]
[White "Kingsman132"]
[Black "Biranidun"]
[Result "0-1"]
[WhiteElo "2491"]
[BlackElo "2707"]
[TimeControl "180+1"]
[EndTime "10:18:22 PDT"]
[Termination "Biranidun won by checkmate"]

1. e4 c5 2. a3 g6 3. b4 Bg7 4. Nc3 d6 5. Bc4 Nc6 6. b5 Ne5 7. Be2 Nf6 8. f4 Ned7 9. Nf3 O-O 10. O-O b6 11. Rb1 Bb7 12. d3 e6 13. Ng5 Rc8 14.
f5 exf5 15. exf5 Ne5 16. fxg6 hxg6 17. Bf4 Qe7 18. Bf3 Nxf3+ 19. Nxf3 Nd5 20. Nxd5 Bxd5 21.
c4 Bb7 22. Qe1 Rfe8 23. Qxe7 Rxe7 24. Bxd6 Rd7 25. Be5 Bxf3 26. Bxg7 Be2 27. Bf6 Bxf1 28. Rxf1 Rxd3 29. Rf4 Rd1+ 30. Kf2 Rd6 31. g4 Kf8 32. g5 Ke8 33. Re4+ Re6 34. Rh4 Kd7 35. Rh7 Rf8 36. Bg7 Rfe8 37. Bf6 Re2+ 38. Kf1 Re1+ 39. Kf2 R8e2+ 40. Kf3 Ke6 41. Rh8 Kf5 42. Rd8 Re3+ 43. Kf2 R1e2+ 44. Kf1 Rxh2 45. Rd7 Rb3 46. Kg1 Rc2 47.
Rd1 Kg4 48. Be7 Kg3 49. Bd6+ Kh3 50. Rf1 Rg2+ 51. Kh1 Rxg5 52. Rf3+ Rxf3 53. Bg3 Rf1# 0-1

[Event "*** Titled Tuesday Blitz"]
[Site "Chess.com"]
[Date "2020.04.21"]
[Round "2"]
[White "Diego_FloresQ"]
[Black "ferdipy"]
[Result "1-0"]
[WhiteElo "2438"]
[BlackElo "2202"]
[TimeControl "180+1"]
[EndTime "10:18:22 PDT"]
[Termination "Diego_FloresQ won on time"]

1. e4 e6 2. d4 d5 3. Nc3 Bb4 4. e5 c5 5. Qg4 Ne7 6. dxc5 Nbc6 7. Bd2 a6 8. O-O-O Bxc5 9. Nf3 Ng6 10. Qh5 Qc7 11.
Kb1 Ncxe5 12. Be2 Nc6 13. Ng5 Bd7 14. f4 Nce7 15. Rhf1 f6 16. Nh3 O-O-O 17. g4 Kb8 18. f5 Ne5 19. Bf4 Bd6 20. g5 Nxf5 21. gxf6 gxf6 22.
Nf2 Nc4 23. Bxd6 Nfxd6 24. Ng4 f5 25. Nf6 Rc8 26. Nxd7+ Qxd7 27. Bf3 Qc7 28. Rd3 Ne4 29. Qh6 Qb6 30. Nd1 Rhg8 31. Rb3 Qc6 32. Ne3 Rg6 33.
Qxh7 Ncd2+ 34. Ka1 Nxf1 35. Qxg6 Nxe3 36. Bxe4 fxe4 37.
Rxe3 Qxc2 38. Qg3+ Ka7 39. a3 Qc1+ 40. Ka2 Qc4+ 41. Rb3 a5 42. Qe3+ Kb8 43. Qb6 Qc6 44. Qxa5 Rc7 45. Qd2 Qc4 46. Qf4 e5 47. Qxe5 Qc6 48.
h4 Kc8 49. h5 Rh7 50. Qf5+ 1-0

[Event "*** Titled Tuesday Blitz"]
[Site "Chess.com"]
[Date "2020.04.21"]
[Round "2"]
[White "ALeks_Ivlev"]
[Black "silverback96"]
[Result "0-1"]
[WhiteElo "2519"]
[BlackElo "2189"]
[TimeControl "180+1"]
[EndTime "10:18:23 PDT"]
[Termination "silverback96 won by resignation"]

1. d4 Nf6 2. c4 c5 3. d5 e6 4. Nc3 exd5 5. cxd5 d6 6. Nf3 g6 7. g3 Bg7 8. Bg2 O-O 9. O-O Re8 10. Bf4 Ne4 11. Rc1 Bf5 12. Qb3 Nxc3 13. bxc3 b6 14. Rfe1 Be4 15. c4 Qe7 16. Bf1 Bxf3 17. Qxf3 Nd7 18.
Bg2 Ne5 19. Qb3 g5 20. Bd2 f6 21. a4 f5 22. a5 bxa5 23. Bxa5 f4 24. Bd2 Rf8 25.
gxf4 gxf4 26. Qh3 Qg5 27. Kh1 Ng4 28. Rf1 Rf6 29. Bf3 h5 30. Rb1 Rh6 31. Rb7 Bd4 32.
Be1 a5 33. Qg2 a4 34. h3 a3 35. Bd2 a2 36. Rbb1 a1=Q 37. Rxa1 Rxa1 38. Rxa1 Bxa1 39.
hxg4 hxg4+ 40. Kg1 Bd4 41. Qxg4 Qxg4+ 42. Bxg4 Rg6 43.
Kg2 Rxg4+ 44. Kf3 Rh4 45. Bxf4 Be5 46. Bd2 Rxc4 47. e4 Kf7 48. Be3 Kg6 49. Bd2 Bd4 50. Be1 Rc2 51. Kg3 Re2 0-1

[Event "*** Titled Tuesday Blitz"]
[Site "Chess.com"]
[Date "2020.04.21"]
[Round "2"]
[White "Agnes66678"]
[Black "Rinas_Oleg"]
[Result "0-1"]
[WhiteElo "2444"]
[BlackElo "2263"]
[TimeControl "180+1"]
[EndTime "10:18:23 PDT"]
[Termination "Rinas_Oleg won by checkmate"]

1. Nf3 d5 2. g3 c5 3. Bg2 Nc6 4. d4 cxd4 5. Nxd4 e5 6. Nxc6 bxc6 7. c4 Be6 8. Nc3 Ne7 9. cxd5 cxd5 10. Qa4+ Qd7 11.
Qxd7+ Kxd7 12. O-O Rc8 13. Rd1 d4 14. e3 Nc6 15.
Bxc6+ Rxc6 16. exd4 exd4 17. Rxd4+ Kc7 18. Bf4+ Kb7 19. Rad1 Bc5 20. Rd8 Rxd8 21. Rxd8 Be7 22. Rb8+ Ka6 23. a3 Bf6 24. Ne4 Bd4 25. b4 Rb6 26. Rd8 Bb2 27. Nc5+ Kb5 28. a4+ Kxb4 29. Nd3+ Ka3 30. Be3 Rb7 31. a5 Bf6 32. Ra8 Bd5 33. Bc1+ Ka2 34. f3 Bc4 35. Ne1 Rb1 36. Bd2 Rd1 37. Bb4 Kb3 38. Rb8 Ka4 39. Kf2 Bd4+ 40. Kg2 a6 41. Nc2 Be5 42. Ne3 Bxb8 43. Nxd1 Kxb4 44. Kf2 Kxa5 45. Ke3 Kb4 46. Kd2 a5 47. Kc2 a4 48. Nc3 a3 49. Nd1 Be5 50. f4 a2 51.
fxe5 a1=Q 52. Ne3 Qc3+ 53. Kd1 Qxe3 54. e6 Bd3 55. e7 Qe2+ 56. Kc1 Qc2# 0-1

[Event "*** Titled Tuesday Blitz"]
[Site "Chess.com"]
[Date "2020.04.21"]
[Round "2"]
[White "XiaoKangZhong"]
[Black "Halvard"]
[Result "0-1"]
[WhiteElo "2376"]
[BlackElo "2097"]
[TimeControl "180+1"]
[EndTime "10:18:24 PDT"]
[Termination "Halvard won by resignation"]

1. e4 c5 2. c3 d6 3. d4 Nf6 4. Bd3 cxd4 5. cxd4 g6 6. Nc3 Bg7 7. Nf3 O-O 8. O-O Bg4 9. Be3 Nc6 10. h3 Bxf3 11.
Qxf3 Nd7 12. d5 Nce5 13. Qe2 Nxd3 14. Qxd3 Qa5 15. Rfd1 Rac8 16. Rac1 a6 17. a3 Ne5 18. Qe2 Nc4 19. Bd4 Bxd4 20. Rxd4 Nxa3 21. Ra4 Rxc3 22.
Rxa5 Rxc1+ 23. Kh2 Nc4 24. Ra4 Rc8 25. b3 Ne5 26.
Ra2 R8c3 27. b4 Nd3 28. b5 axb5 29. Ra8+ Kg7 30. Rb8 R1c2 31. Qg4 Rxf2 32. Qd7 Rcc2 33. Qxe7 Rxg2+ 34. Kh1 Rh2+ 35. Kg1 Rcg2+ 36. Kf1 Rf2+ 37. Kg1 Nf4 38. Qf8+ Kf6 39. Qd8+ Ke5 40. Qg5+ Kd4 41. Qf6+ Kd3 42. Qxf4 Rxf4 43. Kxh2 Kxe4 44. Rxb7 Kxd5 45. Rxb5+ Ke6 46. Rb6 h5 47. Kg3 g5 48. Ra6 h4+ 49.
Kg2 f6 50. Ra5 Rb4 51. Ra6 Ke5 52. Ra5+ d5 53. Kf2 Rb3 54. Kg2 Rg3+ 55. Kh2 f5 56.
Ra4 d4 57. Ra3 Rxa3 0-1

[Event "*** Titled Tuesday Blitz"]
[Site "Chess.com"]
[Date "2020.04.21"]
[Round "2"]
[White "Juanovic"]
[Black "CroissantNeuf"]
[Result "1-0"]
[WhiteElo "2136"]
[BlackElo "2387"]
[TimeControl "180+1"]
[EndTime "10:18:25 PDT"]
[Termination "Juanovic won by resignation"]

1. e4 e5 2. Nf3 Nc6 3. Bb5 a6 4. Bxc6 dxc6 5. O-O Qf6 6. d3 Ne7 7. Bg5 Qd6 8. Nbd2 f6 9. Nc4 Qe6 10. Be3 Ng6 11. a4 a5 12. b3 Bb4 13. d4 O-O 14. d5 cxd5 15. exd5 Qg4 16. h3 Qh5 17. Nh2 Qxd1 18. Raxd1 Bf5 19. Rc1 Rfd8 20. Rfd1 Be4 21. c3 Bf8 22. d6 Bxd6 23. Nxd6 Rxd6 24. Rxd6 cxd6 25. f3 Bf5 26. Rd1 Ra6 27. Rd5 Bd7 28. c4 Ne7 29. Rd2 Be6 30. Nf1 d5 31. Bc5 dxc4 32.
Bxe7 cxb3 33. Ba3 Rc6 34. Ne3 Rc3 35. Nd1 Rc2 36. Rxc2 bxc2 37. Ne3 Bb3 38. Kf2 Bxa4 39.
Ke1 b5 40. Kd2 b4 41. Bc1 b3 42. Kc3 Kf7 43. Nc4 Ke6 44. Nxa5 Bb5 45. g3 g5 46. Nxb3 Be2 47. Nd2 f5 48. Kxc2 h5 49. Kc3 f4 50.
g4 hxg4 51. hxg4 Kf6 52. Ba3 Kg6 53. Bd6 Kf6 54. Bc7 Ke6 55. Bd8 Bxf3 56. Nxf3 e4 57. Nxg5+ Ke5 58. Kd2 f3 59. Ke3 1-0

[Event "*** Titled Tuesday Blitz"]
[Site "Chess.com"]
[Date "2020.04.21"]
[Round "2"]
[White "DanilNajdin"]
[Black "DonBroca"]
[Result "0-1"]
[WhiteElo "2381"]
[BlackElo "2114"]
[TimeControl "180+1"]
[EndTime "10:18:25 PDT"]
[Termination "DonBroca won on time"]

1. d4 Nf6 2. c4 e6 3. Nc3 Bb4 4. e3 O-O 5. Bd3 b6 6. Nf3 Bxc3+ 7. bxc3 d6 8. e4 Nbd7 9. e5 dxe5 10. dxe5 Ng4 11. h3 Ngxe5 12. Nxe5 Nxe5 13. Bxh7+ Kxh7 14. Qh5+ Kg8 15. Qxe5 Bb7 16. O-O Qe7 17. Bf4 c5 18. Rad1 Rfd8 19. Qc7 Qxc7 20. Bxc7 Rxd1 21.
Rxd1 Bc6 22. Rd6 Ba4 23. f4 Kf8 24. Kf2 Rc8 25. Rd8+ Rxd8 26. Bxd8 Ke8 27. Bc7 Kd7 28. Bb8 Kc8 29. Be5 f6 30. Bd6 Kd7 31. Bf8 g6 32. g4 Bc2 33. h4 Bd3 34. Bg7 Ke7 35.
g5 fxg5 36. fxg5 Bxc4 37. a3 Bd3 38. Be5 b5 39. Ke3 Bf5 40. Kf4 a5 41. Bc7 b4 42.
cxb4 axb4 43. a4 Kd7 44. Be5 Kc6 45. Ke3 Bc2 46. a5 Kb5 47. Bc7 c4 48. Kd2 Bf5 49. Kc1 c3 50. Be5 Bd3 51. Bf6 Kxa5 52. Be5 Ka4 53.
Bf6 Kb3 54. Be5 Kc4 55. h5 b3 56. Bxc3 Kxc3 57. h6 b2+ 0-1

[Event "*** Titled Tuesday Blitz"]
[Site "Chess.com"]
[Date "2020.04.21"]
[Round "2"]
[White "Lysiak_Poltorak"]
[Black "Tayson_7"]
[Result "0-1"]
[WhiteElo "2320"]
[BlackElo "2651"]
[TimeControl "180+1"]
[EndTime "10:18:26 PDT"]
[Termination "Tayson_7 won by resignation"]

1. e4 e5 2. Bc4 Nc6 3. Nc3 d6 4. d3 Na5 5. Nge2 Nxc4 6. dxc4 g6 7.
Be3 Bg7 8. f3 f5 9. Qd3 Nf6 10.
O-O-O b6 11. Nd5 O-O 12. h4 Be6 13. Bg5 f4 14. h5 Bxd5 15. cxd5 Qe8 16. h6 Bh8 17.
Rdg1 Nd7 18. Qd2 Bf6 19. Bh4 Bxh4 20. Rxh4 a5 21. g3 fxg3 22. Rxg3 Kh8 23. Ng1 Nc5 24. Nh3 Qb5 25. Ng5 Qc4 26. b3 Qb4 27. Rhg4 Rf6 28.
Qxb4 axb4 29. Kb2 Ra7 30. Rg1 Nd7 31. Ne6 Rxf3 32. Ng5 Rf6 33. Ne6 Nc5 34. Nxc5 bxc5 35. Ra1 Ra8 36. a4 bxa3+ 37. Rxa3 Rxa3 38. Kxa3 Rf4 39. Rg2 Rxe4 40. c4 Kg8 41. Ka4 Re3 42. Kb5 Rxb3+ 43.
Kc6 Kf7 44. Kd7 Rf3 45. Ra2 g5 46. Kxc7 Rf6 47. Ra8 g4 48. Rh8 Kg6 49. Rg8+ Kh5 50. Kd7 e4 51. Ke7 Rxh6 52. Kf7 e3 53. Re8 g3 54. Rxe3 Rg6 55. Re1 g2 56. Rg1 Kh4 57. Ke7 Kh3 0-1

[Event "*** Titled Tuesday Blitz"]
[Site "Chess.com"]
[Date "2020.04.21"]
[Round "2"]
[White "stefan_95"]
[Black "Paralinch"]
[Result "1-0"]
[WhiteElo "2620"]
[BlackElo "2951"]
[TimeControl "180+1"]
[EndTime "10:18:27 PDT"]
[Termination "stefan_95 won by resignation"]

1. d4 d5 2. Bf4 c5 3. e3 Nc6 4. Nf3 Nf6 5. Nbd2 Bg4 6. c3 e6 7. Qb3 Qc8 8. h3 Bh5 9. dxc5 Bxc5 10. Bd3 Bg6 11. Bxg6 hxg6 12. Rc1 O-O 13. O-O Re8 14. c4 d4 15. exd4 Nxd4 16. Nxd4 Bxd4 17. Nf3 Bc5 18. Qa4 Qd7 19. Qxd7 Nxd7 20. Rfd1 Nf8 21. Bd6 Bxd6 22. Rxd6 f6 23. c5 e5 24. b4 Rad8 25. Rcd1 Ne6 26.
Rxd8 Rxd8 27. Rxd8+ Nxd8 28. Kf1 Kf7 29. Ke2 Ke6 30. Kd3 Kd5 31. Nh4 e4+ 32. Kc3 g5 33. Nf5 Ne6 34. Ne7+ Ke5 35. Kc4 f5 36. b5 f4 37. c6 b6 38. Nc8 Nc7 39. Nxa7 Nd5 40. Nc8 e3 41. fxe3 fxe3 42. Kd3 e2 43. Kxe2 Nc3+ 44.
Kf3 Nxb5 45. a4 Nd4+ 46. Kg4 Nxc6 47. Kxg5 Nd4 48. Nxb6 Ne6+ 49. Kg6 Nf4+ 50. Kxg7 Nxg2 51. a5 Nf4 52. a6 Ne6+ 53. Kg6 Kf4 54. h4 Kg4 55. h5 Nf4+ 56. Kh6 Nxh5 57. a7 Ng3 58. a8=Q Nf5+ 59. Kg6 Nh4+ 60. Kf6 Ng2 61. Qxg2+ 1-0

[Event "*** Titled Tuesday Blitz"]
[Site "Chess.com"]
[Date "2020.04.21"]
[Round "2"]
[White "DrMelekess"]
[Black "lupta_robin"]
[Result "0-1"]
[WhiteElo "2694"]
[BlackElo "2514"]
[TimeControl "180+1"]
[EndTime "10:18:28 PDT"]
[Termination "lupta_robin won on time"]

1. d4 Nf6 2. Nf3 g6 3. Nbd2 d5 4. e3 Bg7 5. b4 a5 6. b5 c5 7. dxc5 Ne4 8. Nxe4 Bxa1 9. Bd2 Bg7 10. Ng3 Qc7 11.
h4 Qxc5 12. h5 Nd7 13. Bd3 Nb6 14. e4 Bd7 15. Be3 Qb4+ 16. Kf1 Bxb5 17. h6 Bb2 18. c3 Bxd3+ 19. Qxd3 Qc4 20. Ke2 Na4 21. Bd4 O-O 22. Qxc4 dxc4 23. Kd2 f6 24. Kc2 e5 25. Be3 Bxc3 26. Rb1 Bb4 27. a3 Bxa3 28. Rxb7 Rf7 29. Rb5 Bb4 30. Nd2 c3 31. Nc4 Rd7 32. Kb3 Rc8 33.
Nxa5 Bxa5 34. Rxa5 c2 35. Rxa4 Rb7+ 36. Rb4 Rxb4+ 37.
Kxb4 c1=Q 38. Bxc1 Rxc1 39. Kb3 Kf7 40. Kb2 Rc8 41.
f3 Ke6 42. Ne2 f5 43. Nc3 fxe4 44. Nxe4 Rc6 45. Ng5+ Kf5 46. Nxh7 Rc8 47. g4+ Kf4 48. Nf6 Kxf3 49. h7 Rh8 50. Kc2 Kf4 51. Kd2 Kg5 52. Nd7 Kxg4 53. Nxe5+ Kh5 0-1

[Event "*** Titled Tuesday Blitz"]
[Site "Chess.com"]
[Date "2020.04.21"]
[Round "2"]
[White "Vincent_Vega95"]
[Black "Chichin_chao"]
[Result "0-1"]
[WhiteElo "2703"]
[BlackElo "2353"]
[TimeControl "180+1"]
[EndTime "10:18:28 PDT"]
[Termination "Chichin_chao won by resignation"]

1. d4 Nf6 2. c4 d6 3. Nf3 Nbd7 4. Nc3 e5 5. e4 Be7 6. Be2 O-O 7.
O-O exd4 8. Nxd4 Re8 9. Re1 Bf8 10. Bf1 Nc5 11. f3 a5 12. Be3 c6 13. Qd2 Qc7 14.
Rad1 a4 15. Bg5 Be7 16. Kh1 Bd7 17. Bf4 Nh5 18. Be3 Rad8 19. b4 axb3 20. axb3 Ra8 21. Rb1 Bf8 22. Red1 Red8 23. Bg5 Re8 24. g4 Nf6 25.
Bxf6 gxf6 26. Nce2 Kh8 27. Ng3 Be6 28. Qf4 Bg7 29.
Nh5 Qe7 30. b4 Nd7 31. Nxe6 fxe6 32. Qxd6 Ne5 33. Qxe7 Rxe7 34. Rb3 Ra2 35. h3 Kg8 36. f4 Nd7 37. Rbd3 Nf8 38. Rd8 Rb2 39. b5 cxb5 40.
cxb5 Rb4 41. R8d4 Rxd4 42. Rxd4 f5 43. exf5 Bxd4 44. Bc4 Rc7 45. Bb3 Rc3 46. Bxe6+ Nxe6 47. fxe6 Rxh3+ 48. Kg2 Rb3 49. f5 Rxb5 50. f6 Bxf6 51. Nxf6+ Kf8 0-1

[Event "*** Titled Tuesday Blitz"]
[Site "Chess.com"]
[Date "2020.04.21"]
[Round "2"]
[White "TengisChess"]
[Black "Olga_Zhuravleva"]
[Result "1-0"]
[WhiteElo "2449"]
[BlackElo "2216"]
[TimeControl "180+1"]
[EndTime "10:18:28 PDT"]
[Termination "TengisChess won by resignation"]

1. c4 e5 2. Nf3 Nc6 3. Nc3 Nf6 4. g3 d5 5. cxd5 Nxd5 6. Bg2 Nb6 7. O-O Be7 8. a4 a5 9. d3 O-O 10. Be3 Re8 11.
Bxb6 cxb6 12. Rc1 Bc5 13. Ne4 Bf8 14. Nfd2 Nd4 15. Nc4 Bg4 16. Nc3 Rb8 17. h3 Bh5 18. g4 Bg6 19. Nb5 Nxb5 20. axb5 Bc5 21. Nxa5 Bxf2+ 22. Rxf2 bxa5 23. Qa4 Qb6 24. Qc4 h5 25. Qc5 Qe6 26. Bd5 Qd7 27. gxh5 Bxh5 28. Bc4 Qxh3 29. Rg2 b6 30. Qf2 Re7 31. Rf1 Rbb7 32. Rg3 Qd7 33.
Qg2 g6 34. Rxg6+ Bxg6 35. Qxg6+ Kh8 36. Qh5+ Kg7 37. Rf2 Re6 38. Bxe6 Qxe6 39. Rg2+ Kf8 40. Qh8+ Ke7 41. Rg8 Kd6 42. Kf1 Rc7 43. Rd8+ Kc5 44. Re8 Qf5+ 45. Ke1 f6 46. Qg8 Kxb5 47. Qb3+ Ka6 48.
Ra8+ Ra7 49. Qc4+ Kb7 50. Rf8 Qf4 51. Rf7+ Kb8 52. Rf8+ Kb7 53. Qxf4 exf4 54. Rxf6 Ka6 55. Rxf4 Rc7 56. Kd2 Rc5 57. e4 Kb5 58. d4 Rc4 59. Kd3 Rb4 60. Kc3 Rc4+ 61. Kd3 Rb4 62. Rf5+ Ka4 63.
Rf2 Rb3+ 64. Kc4 Rb4+ 65. Kd5 Kb3 66. e5 a4 67. e6 Rb5+ 68. Kd6 Rb4 69. d5 Re4 70.
Kd7 b5 71. e7 b4 72. e8=Q Rxe8 73. Kxe8 a3 74. bxa3 bxa3 75. d6 1-0

[Event "*** Titled Tuesday Blitz"]
[Site "Chess.com"]
[Date "2020.04.21"]
[Round "2"]
[White "KafkaesqueKnight"]
[Black "poliplaza"]
[Result "0-1"]
[WhiteElo "2137"]
[BlackElo "2414"]
[TimeControl "180+1"]
[EndTime "10:18:29 PDT"]
[Termination "poliplaza won on time"]

1. d4 c5 2. d5 Nf6 3. c4 e6 4.
Nc3 exd5 5. cxd5 d6 6. e4 g6 7. Be2 Bg7 8. Nf3 O-O 9. O-O Na6 10. Nd2 Nc7 11. a4 b6 12. Nc4 Ba6 13. Bf4 Bxc4 14. Bxc4 Re8 15. Re1 Nh5 16. Bd2 a6 17. Be2 Nf6 18.
f3 Rb8 19. Bf1 Nh5 20. Be3 b5 21. axb5 axb5 22. Qd2 b4 23. Ne2 Nb5 24. g4 Nf6 25. Nc1 Nd4 26. Bxd4 cxd4 27. Nd3 Nd7 28. Nxb4 Qh4 29. Nd3 Rb3 30. Qf2 Qf6 31. Ra3 Reb8 32. Rxb3 Rxb3 33. Ra1 h6 34. Ra3 Rb8 35. b4 h5 36. Ra7 Bh6 37. Kh1 Be3 38. Qg3 h4 39. Qe1 Ne5 40. Nxe5 dxe5 41. Bg2 Qb6 42. Ra5 d3 43. Ra3 d2 44. Qd1 Qd4 45. Bf1 Rxb4 46. Rd3 Qc5 47. Rxe3 Qxe3 0-1

[Event "*** Titled Tuesday Blitz"]
[Site "Chess.com"]
[Date "2020.04.21"]
[Round "2"]
[White "SerGo055"]
[Black "AnastasiaProtopopova"]
[Result "1-0"]
[WhiteElo "2581"]
[BlackElo "2299"]
[TimeControl "180+1"]
[EndTime "10:18:30 PDT"]
[Termination "SerGo055 won by resignation"]

1. d4 Nf6 2. Nf3 e6 3. Bf4 g6 4.
e3 Bg7 5. h3 O-O 6. c3 d6 7.
Nbd2 Nbd7 8. Bc4 b6 9. O-O Bb7 10. a4 a6 11. Bh2 Qe7 12. Re1 Kh8 13. e4 e5 14. dxe5 dxe5 15. Qc2 Nh5 16. Nf1 Nf4 17.
Rad1 Rad8 18. Ne3 Nf6 19. Nd5 N6xd5 20. exd5 Qd6 21. Ba2 Rfe8 22. c4 a5 23. Bb1 f5 24.
Ng5 Kg8 25. Bxf4 exf4 26. Ne6 Rd7 27. Nxg7 Rxe1+ 28. Rxe1 Kxg7 29. Re6 Qb4 30. b3 Re7 31. Qb2+ Kh6 32. Bxf5 Rxe6 33. Bxe6 Qe1+ 34. Kh2 c6 35. Qc2 cxd5 36. Bxd5 Bc8 37. Bf3 Bf5 38. Qb2 Qe6 39. Qd4 g5 40. c5 bxc5 41. Qxc5 Be4 42. Bxe4 Qxe4 43. Qxa5 f3 44. Qb6+ Kg7 45. gxf3 Qf4+ 46. Kg2 h5 47. Qe3 Qf5 48. b4 g4 49. fxg4 hxg4 50.
hxg4 Qxg4+ 51. Qg3 1-0

[Event "*** Titled Tuesday Blitz"]
[Site "Chess.com"]
[Date "2020.04.21"]
[Round "2"]
[White "Sanyura"]
[Black "PetrolulSah"]
[Result "1-0"]
[WhiteElo "2435"]
[BlackElo "2197"]
[TimeControl "180+1"]
[EndTime "10:18:30 PDT"]
[Termination "Sanyura won on time"]

1. e4 e5 2. Nf3 Nc6 3. Bb5 a6 4. Ba4 Nf6 5. O-O Be7 6. Re1 b5 7.
Bb3 O-O 8. h3 d6 9. c3 Nb8 10.
d4 Nbd7 11. a3 Bb7 12. Nbd2 Re8 13. Ba2 Bf8 14. b4 c5 15. d5 a5 16. Bb1 axb4 17. cxb4 cxb4 18. Nb3 bxa3 19. Rxa3 Nc5 20. Rxa8 Qxa8 21. Bd3 b4 22. Bb2 Nxd3 23. Qxd3 Qa2 24.
Ba1 Ba6 25. Qe3 Nxe4 26. Qxe4 Qxb3 27. Ng5 g6 28. Qh4 h6 29. Ne4 Be7 30. Nf6+ Bxf6 31.
Qxf6 Qxd5 32. Qh4 Kh7 33. Qxb4 Bb7 34. f3 Rc8 35. Qb1 Qc5+ 36. Kh2 Ba8 37. Qa2 Kg8 38. Bb2 Bd5 39. Qa6 Rc6 40. Qa8+ Rc8 41. Qa1 Ra8 42. Qb1 Qb6 43. Qc1 Ra2 44. Re2 Qb5 45. Rc2 Bb3 46. Rc8+ Kg7 47. Qc7 Be6 48. Qd8 g5 49. Qh8+ Kg6 50. Rg8+ Kf5 51. Qh7+ Kf4 52. Bc1+ 1-0

[Event "*** Titled Tuesday Blitz"]
[Site "Chess.com"]
[Date "2020.04.21"]
[Round "2"]
[White "Vesper2018"]
[Black "losersgame"]
[Result "1-0"]
[WhiteElo "1980"]
[BlackElo "2358"]
[TimeControl "180+1"]
[EndTime "10:18:30 PDT"]
[Termination "Vesper2018 won on time"]

1. e4 e5 2. Nf3 Nc6 3. Bc4 Bc5 4. d3 Nf6 5. Bg5 d6 6. Nc3 h6 7. Bh4 Be6 8. O-O g5 9. Bg3 Qd7 10. a4 h5 11. Bxe6 fxe6 12. h4 gxh4 13. Nxh4 O-O-O 14. Ne2 Rhg8 15. c3 Rdf8 16. b4 Nxb4 17. cxb4 Bxb4 18.
a5 Bc5 19. Rb1 Ng4 20. d4 exd4 21. Nxd4 Qe7 22. Qd2 Nxf2 23. Bxf2 Rxf2 24. Qxf2 e5 25. Nhf5 Qg5 26. Rfd1 exd4 27. Rd3 a6 28. Rf1 h4 29.
Qf3 Kb8 30. Qh3 Ka7 31. Kh1 Qg6 32. Rdf3 Qe6 33. Nxd4 Qxe4 34. Rf4 Qe5 35. Nf5 Qe2 36. Qf3 Qc2 37. Qe4 Qa2 38. Nxh4 Rh8 39. Qf3 Qd2 40. Qe4 Qc3 41. Qf3 Qe5 42. g3 Qb2 43. Qd3 Re8 44.
Qf3 Re2 45. Ng2 Qh8+ 46. Rh4 Qb2 47. Qd5 Rd2 48. Qf3 Rc2 49. Re1 Rd2 50. Rf1 Rc2 51.
Rh5 Rc3 52. Qe4 Rxg3 53. Rh7 1-0